 Dungeon Crawl Stone Soup version 0.29-a0-418-gc0181ea820 (console) character file.

Game seed: 9648261596061494270

204 om the Poker (level 5, -1/63 HPs)
             Began as a Merfolk Berserker on May 17, 2022.
             Was a Believer of Trog.
             Slain by Blork the orc
             ... wielding a +0 glaive
              (16 damage)
             ... on level 3 of the Dungeon.
             The game lasted 00:05:52 (3471 turns).

om the Poker (Merfolk Berserker)                    Turns: 3471, Time: 00:05:52

Health: -1/63      AC:  3    Str: 20    XL:     5   Next: 82%
Magic:  5/5        EV: 13    Int:  6    God:    Trog [**....]
Gold:   207        SH:  0    Dex: 13    Spells: 4/4 levels left

rFire   . . .      SeeInvis +   a - +0 spear
rCold   . . .      Faith    .   (no shield)
rNeg    . . .      Spirit   .   b - +0 animal skin
rPois   .          Reflect  .   (no helmet)
rElec   .          Harm     .   k - scarf {repulsion}
rCorr   .          Rampage  .   j - +0 pair of gloves
Will    .....                   (no boots)
Stlth   ..........              (no amulet)
HPRegen 0.20/turn               e - ring of see invisible
MPRegen 0.09/turn               (no ring)

@: berserking, repel missiles, very quick
A: (nimble swimmer 2), mertail
a: Renounce Religion, Berserk, Trog's Hand


You were on level 3 of the Dungeon.
You worshipped Trog.
Trog was pleased with you.
You visited 1 branch of the dungeon, and saw 4 of its levels.

You collected 207 gold pieces.

Inventory:

Hand Weapons
 a - a +0 spear (weapon)
Armour
 b - a +0 animal skin (worn)
 j - a +0 pair of gloves (worn)
 k - a scarf of repulsion (worn)
Jewellery
 c - a ring of fire
 e - a ring of see invisible (left hand)
Scrolls
 d - a scroll of acquirement
 h - 2 scrolls of fog
Potions
 g - a potion of invisibility {unknown}
 i - a potion of haste {unknown}
 l - a potion of might
 m - a potion of ambrosia {unknown}
 n - a potion of brilliance {unknown}


   Skills:
 + Level 4.3 Fighting
 * Level 6.0 Polearms
 + Level 2.2 Armour
 + Level 4.1 Dodging


You had 4 spell levels left.
You didn't know any spells.
Your spell library was empty.

Dungeon Overview and Level Annotations

Branches:
Dungeon (4/15)
 Temple: D:4-7

Altars:

Shops:
D:4 (

Annotations:
D:3 Blork the orc


Innate Abilities, Weirdness & Mutations

((You are very nimble when in or above water. (Stealth+, EV+, Speed+++)))
Your lower body shifts to a powerful aquatic tail in water.


Message History

You feel the effects of Trog's Hand fading.
Blork the orc is no longer moving quickly.
Okay, then.
Blork the orc suddenly jeers.
Your skin stops crawling.
You feel less strong-willed.
Blork the orc miscasts a cantrip.
Blork the orc screams, "I'll cover the dungeon with your blood!"
There is a stone staircase leading up here.
You climb upwards.
There is a stone staircase leading down here.
You start resting.
HP restored.
You climb downwards.
Level annotation: Blork the orc Blork the orc barely misses you.
Blork the orc hits you with a +0 glaive!
There is a stone staircase leading up here.
Blork the orc hits you with a +0 glaive!
You climb upwards.
There is a stone staircase leading down here.
A red film seems to cover your vision as you go berserk!
You feel yourself moving faster!
You feel mighty!
Blork the orc gestures wildly while chanting.
Blork the orc seems to speed up.
You closely miss Blork the orc. Blork the orc misses you.
You closely miss Blork the orc.
Blork the orc casts a cantrip, but nothing happens.
You closely miss Blork the orc. You completely miss Blork the orc.
Blork the orc hits you with a +0 glaive!
* * * LOW HITPOINT WARNING * * *
You hit Blork the orc.
Blork the orc is lightly wounded.
Blork the orc barely misses you.
You puncture Blork the orc!
Blork the orc is heavily wounded.
You hit Blork the orc.
Blork the orc is severely wounded.
Blork the orc hits you with a +0 glaive!
You die...

#.##.###.###.###...###########..
#.##.###.# #..)....)..#.........
#.##.....# #...........#.#####.#
#.##..#### ##.........###......#
#.##..# ####...###.#.#######
#.##..# #######...# ##.##
#.##..# #.........####.########
#.##..####.####.................
#.##...........@....###.########
#.###.....#####.o...# #.........
#.# ####### ##...## #.########
#># ##### #...# #.# #.#.#
#.############ #.#.#
#<...........##########.#.#
############............#.######
##############.......


You could see Blork the orc (fast).

Vanquished Creatures
  A scorpion (D:4)
  Natasha (thrice) (D:4)
  An ufetubus (D:4)
  A worm (D:2)
  3 dart slugs
  2 endoplasms
  2 giant cockroaches
  6 goblins
  4 hobgoblins
  7 jackals
  8 kobolds
  3 quokkas
  7 ball pythons
  4 frilled lizards
  6 rats
58 creatures vanquished.

Notes
Turn   | Place    | Note
-------+----------+-------------------------------------------
     0 | D:1      | om the Merfolk Berserker began the quest for the Orb.
     0 | D:1      | Reached XP level 1. HP: 18/18 MP: 1/1
   265 | D:1      | Reached XP level 2. HP: 24/24 MP: 2/2
   546 | D:1      | Found a faded altar of an unknown god.
   907 | D:2      | Reached XP level 3. HP: 16/29 MP: 3/3
   908 | D:2      | Identified a scroll of acquirement
  1462 | D:2      | Reached ** piety under Trog
  2094 | D:3      | Reached skill level 5 in Polearms
  2317 | D:3      | Reached XP level 4. HP: 37/37 MP: 4/4
  2322 | D:3      | Identified the +5 battleaxe "Uhym" {freeze, Int+4}
  2652 | D:4      | Noticed Natasha
  2667 | D:4      | Killed Natasha
  2878 | D:4      | Noticed Natasha
  2890 | D:4      | Killed Natasha
  2911 | D:4      | Noticed Natasha
  2928 | D:4      | Killed Natasha
  2929 | D:4      | Reached XP level 5. HP: 42/42 MP: 5/5
  3067 | D:4      | Reached skill level 6 in Polearms
  3213 | D:4      | Found Qinilink's Weapon Shoppe.
  3214 | D:4      | Noticed Blork the orc
  3214 | D:4      | Noticed an ogre
  3471 | D:3      | Slain by Blork the orc

Illustrated notes

Levels and vault maps discovered:
D:1:      dpeg_arrival_tiny_a, layout_loops_corners,
          hellmonk_ecumenical_altar_dog_temple, minmay_misc_feat_cross,
          wad_floor_pattern_untrapped, st_stairs_14
D:2:      kb_forest_paths, layout_basic
D:3:      layout_loops_ring
D:4:      layout_loops_ring, slow_altar_1, serial_shops, shop,
          uniq_blork_the_orc, uniq_natasha

Skill      XL: |  1  2  3  4  5 |
---------------+----------------+-----
Dodging        | 3 4 |  4.1
Polearms       | 5 6 |  6.0
Fighting       | 4 |  4.3
Armour         | 2 |  2.2

Action                   |  1- 3 |  4- 6 || total
-------------------------+-------+-------++-------
Melee: Spear             |   140 |    58 ||   198
       Punch             |       |     1 ||     1
Invok: Berserk           |     1 |     4 ||     5
       Trog's Hand       |       |     1 ||     1
  Use: Scroll            |     5 |     1 ||     6
       Potion            |       |     2 ||     2
 Stab: Sleeping          |       |     2 ||     2
Armor: Animal skin       |    14 |     6 ||    20
Dodge: Dodged            |    54 |    38 ||    92

Table legend: (Time is in decaauts)
 A = Elapsed time spent in this place.
 B = Non-inter-level travel time spent in this place.
 C = Inter-level travel time spent in this place.
 D = Time resting spent in this place.
 E = Time spent auto-exploring this place.
 F = Levels seen in this place.
 G = Mean time per level.
                   A        B        C        D        E       F      G
               +--------+--------+--------+--------+--------+-----+--------+
         Total |   3482 |   3361 |    121 |    621 |   2232 |   4 |  870.5 |
       Dungeon |   3482 |   3361 |    121 |    621 |   2232 |   4 |  870.5 |
               +--------+--------+--------+--------+--------+-----+--------+

Top non-repeatable levels by time:
     D:2: 1006 daAuts
     D:3: 943 daAuts
     D:1: 889 daAuts
     D:4: 643 daAuts
